 Dungeon Crawl Stone Soup version 0.28-a0-851-g8b9cc49659 (webtiles) character file.

Game seed: 18249767911789430975

58 ephemera the Skirmisher (level 3, -6/34 HPs)
             Began as a Minotaur Berserker on Nov 15, 2021.
             Was a Follower of Trog.
             Mangled by a gnoll (7 damage)
             ... on level 3 of the Dungeon.
             The game lasted 00:06:42 (972 turns).

ephemera the Skirmisher (Minotaur Berserker)         Turns: 972, Time: 00:06:43

Health: -6/34      AC:  6    Str: 22    XL:     3   Next: 76%
Magic:  2/2        EV: 10    Int:  4    God:    Trog [*.....]
Gold:   30         SH:  0    Dex:  9    Spells: 2/2 levels left

rFire   . . .      SeeInvis .   j - +0 morningstar
rCold   . . .      Faith    .   (no shield)
rNeg    . . .      Spirit   .   e - +0 scale mail
rPois   .          Reflect  .   (helmet restricted)
rElec   .          Harm     .   (no cloak)
rCorr   .          Rampage  .   (no gloves)
Will    .....                   (no boots)
Stlth   ..........              (no amulet)
HPRegen 0.11/turn               (no ring)
MPRegen 0.08/turn               (no ring)

@: mighty, on berserk cooldown, slowed, very slow
A: horns 2, retaliatory headbutt
a: Renounce Religion, Berserk


You were on level 3 of the Dungeon.
You worshipped Trog.
Trog was aware of your devotion.
You visited 1 branch of the dungeon, and saw 3 of its levels.

You collected 30 gold pieces.

Inventory:

Hand Weapons
 a - a +0 hand axe
 f - a +0 great sword
 j - a +0 morningstar (weapon)
Missiles
 c - 12 poisoned darts (quivered)
 k - 4 boomerangs
Armour
 b - a +0 animal skin
 e - a +0 scale mail (worn)
 i - a +0 ring mail
Scrolls
 g - a scroll of identify
Potions
 d - a potion of curing
 h - a potion of might


   Skills:
 + Level 4.6 Fighting
 + Level 4.1(4.2) Axes
 + Level 1.1(2.8) Maces & Flails
 + Level 3.0 Armour
 + Level 2.5 Dodging


You had 2 spell levels left.
You didn't know any spells.
Your spell library contained the following spells:

 Spells                   Type           Power      Damage    Failure   Level
 Animate Dead             Necr           0%         N/A       100%        4
 Haunt                    Necr/Summ      0%         N/A       100%        7
 Infestation              Necr           0%         N/A       100%        8


Dungeon Overview and Level Annotations

Branches:
Dungeon (3/15)

Altars:


Innate Abilities, Weirdness & Mutations

You have a pair of horns on your head.
You reflexively headbutt those who attack you in melee.


Message History

Your Armour skill increases to level 3!
You see here an adder corpse.
There are monsters nearby!
There are monsters nearby!
There are monsters nearby!
You feel a strong urge to attack something.
The gnoll hits you from afar with a +0 halberd.
You barely miss the gnoll. You headbutt the gnoll!
You kill the gnoll!
Trog accepts your kill. The gnoll barely misses you.
Things that are here:
a +0 flail; a gnoll corpse; a bat corpse You closely miss the gnoll.
You are no longer berserk.
You are exhausted.
You feel yourself slow down. The gnoll barely misses you.
You hit the gnoll but do no damage. The gnoll hits you with a +0 halberd.
The gnoll hits you with a +0 halberd! The gnoll hits you but does no damage.
You hit the gnoll.
You headbutt the gnoll, but do no damage.
The gnoll is moderately wounded.
The gnoll hits you with a +0 halberd!
* * * LOW HITPOINT WARNING * * *
The gnoll hits you from afar with a +0 spear.
* * * LOW HITPOINT WARNING * * *
The gnoll barely misses you.
You feel very mighty all of a sudden. The gnoll barely misses you.
The gnoll hits you with a +0 halberd.
* * * LOW HITPOINT WARNING * * *
The gnoll hits you but does no damage.
You puncture the gnoll!
You kill the gnoll!
Trog accepts your kill. The gnoll hits you but does no damage.
The gnoll closely misses you.
Your base Maces & Flails skill increases to level 1!
An orc comes into view. It is wielding a +0 falchion.
The orc shouts!
The gnoll hits you from afar with a +0 spear!
You die...

......... ##.....#.## ..
#.......... ...
#.......##.#####....
#####........ ......o...
...........# .........
#......######.#...... .
##..#...†..g.@........ .
##....†####..).........
.##..#.#### #...#........
..........###...#........
..............###.)......
....>........## #........
......######.......####..
..<...# ####..... ..
......# ##


You could see a gnoll and an orc.

Vanquished Creatures
  An adder (D:3)
  2 gnolls (D:3)
  A worm (D:2)
  2 dart slugs
  5 bats
  An endoplasm (D:1)
  A goblin (D:2)
  3 hobgoblins
  2 quokkas (D:1)
  2 ball pythons (D:2)
  2 frilled lizards
  4 rats
26 creatures vanquished.

Notes
Turn   | Place    | Note
-------+----------+-------------------------------------------
     0 | D:1      | ephemera the Minotaur Berserker began the quest for the
                  | Orb.
     0 | D:1      | Reached XP level 1. HP: 19/19 MP: 0/0
   247 | D:1      | Reached XP level 2. HP: 14/27 MP: 1/1
   931 | D:3      | Reached XP level 3. HP: 34/34 MP: 2/2
   969 | D:3      | HP: 1/34 [gnoll (6)]
   971 | D:3      | Reached skill level 1 in Maces & Flails
   972 | D:3      | Mangled by a gnoll

Illustrated notes

Levels and vault maps discovered:
D:1:      psy_arrival_basics, layout_basic,
          shapermc_ecumenical_altar_flowoftime, hex_tiny,
          minmay_misc_feat_rugged
D:2:      minmay_spotlight, layout_loops_cross, uniq_crazy_yiuf_cottage
D:3:      layout_rooms

Skill      XL: |  1  2  3 |
---------------+----------+-----
Axes           | 4 |  4.1
Fighting       | 4 |  4.6
Armour         | 3 |  3.0
Maces & Flails | 1 |  1.1
Dodging        | |  2.5

Action                   || total
-------------------------++-------
Melee: Hand axe          ||    44
       Headbutt          ||     7
       Morningstar       ||    15
Invok: Berserk           ||     2
  Use: Scroll            ||     2
       Potion            ||     1
Armor: Animal skin       ||     4
       Scale mail        ||    16
Dodge: Dodged            ||    41

Table legend: (Time is in decaauts)
 A = Elapsed time spent in this place.
 B = Non-inter-level travel time spent in this place.
 C = Inter-level travel time spent in this place.
 D = Time resting spent in this place.
 E = Time spent auto-exploring this place.
 F = Levels seen in this place.
 G = Mean time per level.
                   A        B        C        D        E       F      G
               +--------+--------+--------+--------+--------+-----+--------+
         Total |    993 |    544 |    449 |      0 |      0 |   3 |  331.0 |
       Dungeon |    993 |    544 |    449 |      0 |      0 |   3 |  331.0 |
               +--------+--------+--------+--------+--------+-----+--------+

Top non-repeatable levels by time:
     D:1: 555 daAuts
     D:2: 374 daAuts
     D:3: 63 daAuts
